 Dungeon Crawl Stone Soup version 0.18.1-5-g4a78601 (webtiles) character file.

18 Mefis the Magician (level 2, 0/15 HPs)
             Began as a Deep Elf Wizard on May 15, 2016.
             Slain by an adder (5 damage)
             ... on level 2 of the Dungeon.
             The game lasted 00:01:45 (965 turns).

Mefis the Magician (Deep Elf Wizard)                 Turns: 965, Time: 00:01:46

Health: 0/15       AC:  3    Str:  4    XL:     2   Next: 51%
Magic:  0/9        EV: 13    Int: 22    God:
Gold:   27         SH:  0    Dex: 13    Spells: 4 memorised, 3 levels left

rFire  . . .     SeeInvis .     e - +0 short sword
rCold  . . .     Gourm    .     a - +0 robe
rNeg   . . .     Faith    .     (no shield)
rPois  .         Spirit   .     b - +0 hat
rElec  .         Dismiss  .     h - +0 cloak
rCorr  .         Reflect  .     (no gloves)
SustAt .         Harm     .     (no boots)
MR     .....                    (no amulet)
Stlth  ++........               (no ring)
                                (no ring)

@: lethally poisoned (0 -> -1), very slightly contaminated, repel missiles, not
resistant to hostile enchantments, unstealthy
A: no striking features
a: no special abilities


You were on level 2 of the Dungeon.
You were not hungry.

You visited 1 branch of the dungeon, and saw 2 of its levels.

You collected 27 gold pieces.

Inventory:

Hand Weapons
 e - a +0 short sword (weapon)
Missiles
 m - 53 arrows
Armour
 a - a +0 robe (worn)
 b - a +0 hat (worn)
 h - a +0 cloak (worn)
Jewellery
 o - an uncursed ring of poison resistance {unknown}
Wands
 p - a wand of flame (26/48)
Scrolls
 f - 2 scrolls of teleportation {unknown}
 g - a scroll of magic mapping {unknown}
 n - a scroll of remove curse {unknown}
Potions
 j - a potion of curing {unknown}
 k - a potion of brilliance {unknown}
 l - 2 potions of mutation {unknown}
Books
 c - a book of Minor Magic

   Spells                             Type                      Level
   a - Magic Dart                     Conjuration                  1
   b - Blink                          Translocation                2
   c - Call Imp                       Summoning                    2
   d - Repel Missiles                 Charms/Air                   2
   e - Slow                           Hexes                        2
   f - Conjure Flame                  Conjuration/Fire             3
   g - Mephitic Cloud                 Conjuration/Poison/Air       3
Comestibles
 d - a bread ration
 i - 2 beef jerkies


   Skills:
 + Level 2.9 Dodging
 + Level 2.8 Stealth
 + Level 4.5 Spellcasting
 * Level 1.9 Conjurations
 - Level 1.1 Summonings
 - Level 1.1 Translocations


You had 3 spell levels left.
You knew the following spells:

 Your Spells              Type           Power        Failure   Level  Hunger
a - Magic Dart            Conj           ##..         6%          1    None
b - Call Imp              Summ           #.......     12%         2    #......
c - Blink                 Tloc           N/A          12%         2    #......
d - Repel Missiles        Chrm/Air       #.....       17%         2    #......


Dungeon Overview and Level Annotations

Branches:
Dungeon (2/15)

Altars:
Yredelemnul


Message History

Aiming: Magic Dart
Press: ? - help, Shift-Dir - straight line, f/p - adder
Aim: an adder (severely wounded)
The magic dart hits the adder.
The adder is almost dead.
You feel sick. The adder bites you. The adder bites you but does no damage.
You feel sick. The adder barely misses you.
You feel sick. The adder bites you.
You feel sick. The adder closely misses you.
Casting: Magic Dart
Confirm with . or Enter, or press ? or * to list all spells.
Aiming: Magic Dart
Press: ? - help, Shift-Dir - straight line, f/p - adder
Aim: an adder (severely wounded)
You miscast Magic Dart.
The air around you crackles with energy!
The adder barely misses you.
You feel sick. The adder bites you.
You die...

†.... ... ... #.#
#.# #.# #.#
#############.#
#.@S..........#
#.#################
#.# #............
#.#####.###########
#.......# #.#######
###


You could see an adder.

Vanquished Creatures
  6 bats
  A giant cockroach (D:1)
  4 hobgoblins (D:1)
  A giant newt (D:2)
  2 goblins (D:1)
  A kobold (D:1)
  3 rats
18 creatures vanquished.

Notes
Turn   | Place    | Note
--------------------------------------------------------------
     0 | D:1      | Mefis the Deep Elf Wizard began the quest for the Orb.
     0 | D:1      | Reached XP level 1. HP: 10/10 MP: 7/7
   446 | D:1      | Reached XP level 2. HP: 15/15 MP: 5/9
   468 | D:1      | Learned a level 2 spell: Call Imp
   471 | D:1      | Learned a level 2 spell: Blink
   474 | D:1      | Learned a level 2 spell: Repel Missiles
   854 | D:2      | Found a basalt altar of Yredelemnul.
   965 | D:2      | Slain by an adder

Action                   || total
-------------------------++-------
Melee: Short sword       ||     5
 Cast: Magic Dart        ||    40
       Repel Missiles    ||     1
 Stab: Sleeping          ||     2
Armor: Robe              ||     7
Dodge: Dodged            ||    17
